 Dungeon Crawl Stone Soup version 0.18.1-5-g4a78601 (webtiles) character file.

360 TheHangedMan the Conjurer (level 6, -1/36 HPs)
             Began as a High Elf Wizard on May 11, 2016.
             Was an Initiate of Sif Muna.
             Slain by a hound (3 damage)
             ... on level 4 of the Dungeon.
             The game lasted 00:18:34 (4658 turns).

TheHangedMan the Conjurer (High Elf Wizard)         Turns: 4658, Time: 00:18:35

Health: -1/36      AC:  3    Str:  6    XL:     6   Next: 38%
Magic:  0/12       EV: 12    Int: 23    God:    Sif Muna [......]
Gold:   91         SH:  0    Dex: 15    Spells: 5 memorised, 1 level left

rFire  . . .     SeeInvis .     w - +0 whip (curse)
rCold  + . .     Gourm    .     l - +1 robe {rC+}
rNeg   . . .     Faith    .     (no shield)
rPois  .         Spirit   .     b - +0 hat
rElec  .         Dismiss  .     (no cloak)
rCorr  .         Reflect  .     (no gloves)
SustAt .         Harm     .     (no boots)
MR     .....                    (no amulet)
Stlth  ++........               (no ring)
                                (no ring)

@: about to teleport, repel missiles, not resistant to hostile enchantments,
unstealthy
A: no striking features
a: Renounce Religion


You were on level 4 of the Dungeon.
You worshipped Sif Muna.
Sif Muna was noncommittal.
You were hungry.

You visited 1 branch of the dungeon, and saw 4 of its levels.

You collected 91 gold pieces.

Inventory:

Hand Weapons
 w - a cursed +0 whip (weapon)
Armour
 b - a +0 hat (worn)
 l - a +1 robe of cold resistance (worn)
Magical Staves
 o - an uncursed staff of poison {unknown}
 t - a cursed staff of fire
Scrolls
 e - 4 scrolls of remove curse {unknown}
 h - 5 scrolls of identify {unknown}
 r - a scroll of fog {unknown}
Potions
 f - a potion of heal wounds {unknown}
 g - a potion of cancellation {unknown}
 j - a potion of haste {unknown}
 k - 2 potions of curing
 s - 3 potions of degeneration {unknown}
 u - a potion of magic {unknown}
Books
 a - a book of Enchantments

   Spells                             Type                      Level
   a - Cause Fear                     Hexes                        4
   b - Yara's Violent Unravelling     Hexes/Transmutation          5
   c - Silence                        Hexes/Air                    5
   d - Deflect Missiles               Charms/Air                   6
   e - Haste                          Charms                       6
   f - Discord                        Hexes                        8
 c - a book of Minor Magic

   Spells                             Type                      Level
   a - Magic Dart                     Conjuration                  1
   b - Blink                          Translocation                2
   c - Call Imp                       Summoning                    2
   d - Repel Missiles                 Charms/Air                   2
   e - Slow                           Hexes                        2
   f - Conjure Flame                  Conjuration/Fire             3
   g - Mephitic Cloud                 Conjuration/Poison/Air       3
Miscellaneous
 q - a plain deck of defence
Comestibles
 d - 4 bread rations
 i - 2 fruits
 m - a slice of pizza
 v - 3 meat rations
 z - a beef jerky


   Skills:
 - Level 2.1 Dodging
 - Level 2.1 Stealth
 - Level 3.6 Spellcasting
 + Level 7.2 Conjurations
   Level 0.8 Summonings
 - Level 1.1 Translocations


You had one spell level left.
You knew the following spells:

 Your Spells              Type           Power        Failure   Level  Hunger
a - Magic Dart            Conj           ####         1%          1    None
b - Blink                 Tloc           N/A          12%         2    #......
c - Conjure Flame         Conj/Fire      ###.....     10%         3    ###....
d - Mephitic Cloud        Conj/Pois/Air  ###.....     14%         3    ###....
e - Repel Missiles        Chrm/Air       #.....       21%         2    #......


Dungeon Overview and Level Annotations

Branches:
Dungeon (4/15)
 Temple: D:4-7

Altars:
Nemelex Xobeh
Sif Muna
Zin

Annotations:
D:3 Zhenya25pyc's ghost, amateur GrFi
D:4 Sigmund; TheHangedMan's ghost, amateur HEWz


Message History

Confirm with . or Enter, or press ? or * to list all spells.
You blink.
You are feeling hungry.
Things that are here:
a dagger; a robe
Okay, then.
Read which item? (? for menu, Esc to quit)
As you read the scroll labeled WAD FYCIXI, it crumbles to dust.
It is a scroll of enchant weapon.
Enchant which weapon? (? for menu, Esc to quit)
Your cursed -1 whip glows red for a moment.
You can't unwield your weapon to draw a new one!
Wear which item? (? for menu, Esc to quit)
Okay, then.
You can't unwield your weapon to draw a new one!
Read which item? (? for menu, Esc to quit)
As you read the scroll labeled ISITHU QEST, it crumbles to dust.
You feel strangely unstable.
It was a scroll of teleportation.
The hound bites you.
You die...

#..........# # ######.###.#
###. #.# #.### #...
#O###...###########.##
#######........[.)..).......
#........####.##########.J##
######..## #.# #...###
#...####.### ####.#....
#.#.#.@....###......###
#.#....h##..##.##O###
##.###..(..>.lO....# ####
#..# #...###....####
..[##### #.## #...# ##...#
#### ...)((.# #.#
#...####..## ##...
..[###.###.#
###........####..## ...#
#..##.# #.............##
#### ##..#.#
#........###..##


You could see a hound.

Vanquished Creatures
  An ogre (D:4)
  A scorpion (D:4)
  An orc wizard (D:4)
  An orc priest (D:4)
  A gnoll shaman (D:3)
  3 gnolls
  4 adders
  A worm (D:2)
  3 dart slugs
  A giant gecko (D:1)
  9 orcs
  A ball python (D:1)
  5 giant cockroaches
  9 goblins
  6 hobgoblins
  11 jackals
  8 kobolds
  14 bats
  4 giant newts
  3 rats
87 creatures vanquished.

Notes
Turn   | Place    | Note
--------------------------------------------------------------
     0 | D:1      | TheHangedMan the High Elf Wizard began the quest for the Orb.
     0 | D:1      | Reached XP level 1. HP: 11/11 MP: 6/6
   103 | D:1      | Reached skill level 2 in Conjurations
   205 | D:1      | Reached XP level 2. HP: 17/17 MP: 2/7
   627 | D:1      | Reached skill level 3 in Conjurations
  1045 | D:1      | Reached XP level 3. HP: 8/21 MP: 0/9
  1304 | D:1      | Learned a level 2 spell: Blink
  1308 | D:1      | Learned a level 3 spell: Conjure Flame
  1312 | D:1      | Learned a level 3 spell: Mephitic Cloud
  1553 | D:2      | Reached skill level 4 in Conjurations
  1705 | D:2      | Found a glowing silver altar of Zin.
  2064 | D:2      | Found a sparkling altar of Nemelex Xobeh.
  2097 | D:2      | Reached XP level 4. HP: 27/27 MP: 4/10
  2591 | D:3      | Reached skill level 5 in Conjurations
  2619 | D:3      | Noticed Zhenya25pyc's ghost (amateur GrFi)
  2694 | D:3      | Reached XP level 5. HP: 22/31 MP: 2/11
  2719 | D:3      | Found a deep blue altar of Sif Muna.
  2725 | D:3      | Became a worshipper of Sif Muna the Loreminder
  3893 | D:4      | Noticed Sigmund
  4017 | D:4      | Reached skill level 6 in Conjurations
  4394 | D:4      | Noticed an ogre
  4404 | D:4      | Reached XP level 6. HP: 33/36 MP: 3/12
  4406 | D:4      | Reached skill level 7 in Conjurations
  4500 | D:4      | Learned a level 2 spell: Repel Missiles
  4555 | D:4      | Noticed TheHangedMan's ghost (amateur HEWz)
  4618 | D:4      | HP: 1/36 [giant newt (2)]
  4639 | D:4      | HP: 1/36 [hound (2)]
  4648 | D:4      | HP: 1/36 [hound (2)]
  4658 | D:4      | Slain by a hound

Skill      XL: |  1  2  3  4  5  6 |
---------------+-------------------+-----
Conjurations   | 2 3 4 5 6 7 |  7.2
Dodging        | |  2.1
Stealth        | |  2.1
Spellcasting   | |  3.6
Summonings     | |  0.8
Translocations | |  1.1

Action                   |  1- 3 |  4- 6 || total
-------------------------+-------+-------++-------
Melee: Unarmed           |     5 |       ||     5
       Dagger            |    10 |     9 ||    19
       Whip              |       |     8 ||     8
 Cast: Magic Dart        |   117 |   131 ||   248
       Mephitic Cloud    |       |     5 ||     5
       Blink             |       |    11 ||    11
       Conjure Flame     |       |     9 ||     9
       Repel Missiles    |       |     1 ||     1
  Use: Scroll            |       |     2 ||     2
       Potion            |       |     1 ||     1
 Stab: Confused          |       |     1 ||     1
  Eat: Chunk             |     3 |     9 ||    12
Armor: Robe              |    12 |     9 ||    21
Dodge: Dodged            |    38 |    41 ||    79
